 Dungeon Sprint DCSS version 0.17-a0-1798-g879a7aa (webtiles) character file.

442678 esc the End of an Era (level 17, 167/189 HPs)
             Began as a Deep Dwarf Fighter on Sept 10, 2015.
             Was the Champion of Qazlal.
             Escaped with the Orb!
             The game lasted 00:41:07 (12820 turns).

esc the End of an Era (Deep Dwarf Fighter)         Turns: 12820, Time: 00:41:08

Health: 167/189    AC: 60    Str: 29    XL:     17   Next: 92%
Magic:  20/40      EV: 28    Int: 12    God:    Qazlal [******]
Gold:   0          SH: 45    Dex: 22    Spells: 0 memorised, 38 levels left

rFire  + + +     SeeInvis +     S - +14 obsidian axe {chop, +Fly Str+3 SInv *Curse} (curse)
rCold  . . .     Clarity  .     Q - +15 Maxwell's patent armour {-Cast -Tele rElec MR+ rCorr}
rNeg   + + +     SustAt   .     R - +18 shield of the gong {rElec rN+ MR+ EV-5}
rPois  .         Gourm    .     J - +2 helmet {Int+3}
rElec  +         Spirit   .     Y - +2 cloak "Neguuha" {rCorr MP+9}
rCorr  +         Warding  +     E - +2 pair of gloves {Dex+3}
rMut   .         NoTele   +     T - +5 pair of boots of the Fisher {*Contam Dex+2 Stlth+}
MR     ++++.     NoCast   +     X - brooch of Shielding {Ward rN+ AC+4 EV+4}
Stlth  ..........               a - ring of Laew {+Fly rElec rF+++ Str-2}
                                K - +6 ring of strength

@: flying, very slightly contaminated, non-regenerating, studying 2 skills,
repel missiles, incredibly resistant to hostile enchantments, extremely
unstealthy
A: damage resistance, recharge devices, negative energy resistance 1, sense
surroundings 2, slow healing 3
a: Device Recharging, Upheaval, Elemental Force, Disaster Area, Renounce
Religion, Stop Flying
0: Orb of Zot


You escaped.
You worshipped Qazlal.
Qazlal was exalted by your worship.
You were very full.

You visited 1 branch

Inventory:

Hand weapons
 S - the cursed +14 obsidian axe (weapon) {chop, +Fly Str+3 SInv *Curse}
   (You found it in the Dungeon)

   It inflicts extra damage upon your enemies.
   It affects your strength (+3).
   It lets you see invisible.
   It lets you fly.
   It may re-curse itself when equipped.
   It has a curse placed upon it.
Armour
 m - the +1 ice dragon armour of Losia {rPois rF- rC++, rC++, rF-}
   (You found it in the Dungeon)

   It makes you vulnerable to fire.
   It greatly protects you from cold.
   It protects you from poison.
 o - the +2 cloak of the Thief {+Fog Slay-2 SInv Stlth+}
   (You found it in the Dungeon)

   It affects your accuracy and damage with ranged weapons and melee attacks
   (-2).
   It lets you see invisible.
   It can be evoked to emit clouds of fog.
   It makes you more stealthy.
 E - a +2 pair of gloves of dexterity (worn)
   (You found it in the Dungeon)
 J - a +2 helmet of intelligence (worn)
   (You found it in the Dungeon)
 Q - the +15 Maxwell's patent armour (worn) {-Cast -Tele rElec MR+ rCorr}
   (You found it in the Dungeon)

   It insulates you from electricity.
   It affects your resistance to hostile enchantments.
   It prevents spellcasting.
   It prevents most forms of teleportation.
   It protects you from acid and corrosion.
 R - the +18 shield of the gong (worn) {rElec rN+ MR+ EV-5}
   (You found it in the Dungeon)

   It affects your evasion (-5).
   It insulates you from electricity.
   It protects you from negative energy.
   It affects your resistance to hostile enchantments.
 T - the +5 pair of boots of the Fisher (worn) {*Contam Dex+2 Stlth+}
   (You found it in the Dungeon)

   It affects your dexterity (+2).
   It causes magical contamination when unequipped.
   It makes you more stealthy.
 Y - the +2 cloak "Neguuha" (worn) {rCorr MP+9}
   (You found it in the Dungeon)

   It affects your magic capacity (+9).
   It protects you from acid and corrosion.
Jewellery
 a - the ring of Laew (right hand) {+Fly rElec rF+++ Str-2}
   (You found it in the Dungeon)

   [ring of flight]

   It affects your strength (-2).
   It renders you almost immune to fire.
   It insulates you from electricity.
   It lets you fly.
 c - an uncursed ring of ice {rC+, rF-}
   (You found it in the Dungeon)
 z - the amulet "Toun Sif" {Clar Dex+2 Stlth+}
   (You took it off a deep elf knight in the Dungeon)

   [amulet of clarity]

   It provides mental clarity.
   It affects your dexterity (+2).
   It makes you more stealthy.
 H - an uncursed ring of positive energy {rN+}
   (You found it in the Dungeon)
 K - a +6 ring of strength (left hand)
   (You found it in the Dungeon)
 X - the brooch of Shielding (around neck) {Ward rN+ AC+4 EV+4}
   (You found it in the Dungeon)

   [amulet of warding]

   It may prevent the melee attacks of summoned creatures.
   It affects your AC (+4).
   It affects your evasion (+4).
   It protects you from negative energy.
Magical devices
 e - a wand of heal wounds (4)
 y - a wand of disintegration (7)
   (You found it in the Dungeon)
 B - a wand of fire (5)
   (You found it in the Dungeon)
 C - a wand of cold (5)
   (You found it in the Dungeon)
 D - a wand of draining (4)
   (You found it in the Dungeon)
 Z - a wand of heal wounds (3)
   (You found it in the Dungeon)
Scrolls
 l - 4 scrolls of blinking {!r}
 p - 2 scrolls of recharging
 q - 7 scrolls of fog
 r - a scroll of holy word {!r}
 s - 4 scrolls of identify
 t - 5 scrolls of remove curse
 u - 2 scrolls of fear
 I - 4 scrolls of enchant armour
Potions
 d - 4 potions of might
 g - 10 potions of curing
 h - 13 potions of heal wounds
 i - 2 potions of haste
 j - 6 potions of magic
 k - 3 potions of berserk rage {!q}
 v - 2 potions of brilliance
 w - a potion of invisibility
 x - 2 potions of resistance
 A - a potion of agility
Books
 b - a manual of Translocations {!d}
   (You found it in the Dungeon)
 L - a manual of Long Blades {!d}
   (You found it in the Dungeon)
Miscellaneous
 F - a crystal ball of energy
   (You found it in the Dungeon)
 G - a lamp of fire
   (You found it in the Dungeon)
 M - a disc of storms
   (You found it in the Dungeon)
 N - 4 phantom mirrors
 O - a fan of gales
   (You found it in the Dungeon)
 P - a sack of spiders
   (You found it in the Dungeon)
 U - a phial of floods
   (You found it in the Dungeon)
 V - a legendary deck of summoning {the Dance}
   (You found it in the Dungeon)
 W - a box of beasts
   (You found it in the Dungeon)
Comestibles
 f - a bread ration {@e1}
 n - 4 meat rations {@e2}


   Skills:
 + Level 21.2 Fighting
 + Level 24.3 Axes
 + Level 25.6 Armour
 + Level 24.2 Dodging
 + Level 24.3 Shields
 + Level 11.3 Spellcasting
 O Level 27 Invocations
 + Level 14.5 Evocations


You had 38 spell levels left.
You didn't know any spells.

Dungeon Overview and Level Annotations

Branches:
Dungeon (1/1)

Altars:
Ashenzari
Cheibriados
Dithmenos
Elyvilon
Fedhas
Gozag
Kikubaaqudgha
Makhleb
Nemelex Xobeh
Okawaru
Qazlal
Ru
Sif Muna
Trog
Vehumet
Xom
Yredelemnul
Zin
The Shining One
Beogh
Jiyva
Lugonu


Innate Abilities, Weirdness & Mutations

You are resistant to damage.
You can recharge devices by infusing magical energy.
You resist negative energy.
You passively map the area around you.
You do not heal naturally.


Message History

You slash the komodo dragon!
Visions of slaying the komodo dragon flood into your mind.
You flicker for a moment.
The water moccasin bites your orange demon.
You catch the helpless komodo dragon completely off-guard!
You slice the komodo dragon!!
You break out of your daze!
You kill the komodo dragon!
Qazlal accepts your kill.
You hit the crocodile.
Visions of slaying the crocodile flood into your mind.
The crocodile bites your orange demon!
Your orange demon is engulfed in calcifying dust.
Your orange demon stops moving altogether!
The water moccasin bites your orange demon.
You strike the helpless crocodile from behind!
You slash the crocodile! You block the crocodile's attack.
BONNNG!
You strike the helpless crocodile from behind!
You slash the crocodile!
You break out of your daze!
You kill the crocodile!
Qazlal accepts your kill.
Visions of slaying the crocodile flood into your mind.
The water moccasin bites your orange demon.
The crocodile bites your orange demon!!
Your orange demon is engulfed in calcifying dust.
You hit the yak.
Visions of slaying the yak flood into your mind.
You strike the helpless yak from behind!
You slash the yak!
You break out of your daze!
You kill the yak!
Qazlal accepts your kill.
Visions of slaying the crocodile flood into your mind.
The death yak stops moving altogether!
The water moccasin bites your orange demon!
Your orange demon is poisoned.
The water moccasin poisons your orange demon!
The crocodile bites your orange demon!
Your orange demon is engulfed in calcifying dust.
You cannot move away from the crocodile!
The water moccasin bites your orange demon but does no damage.
You cannot move away from the crocodile!
The crocodile bites your orange demon!
Your orange demon is engulfed in calcifying dust.
The water moccasin bites your orange demon.
You catch the helpless crocodile completely off-guard!
You slice the crocodile!!
You are no longer entranced.
You kill the crocodile!
Qazlal accepts your kill.
Visions of slaying the water moccasin flood into your mind.
The water moccasin bites your orange demon.
Your orange demon looks even sicker.
The water moccasin poisons your orange demon!
Things that are here:
a crocodile corpse; a spiny frog corpse You strike the helpless water moccasin from behind!
You slice the water moccasin!!
You are no longer entranced.
You kill the water moccasin!
Qazlal accepts your kill.
Visions of slaying the crocodile flood into your mind.
You flicker back into view.
You block the crocodile's attack.
SHROANNG!
You slash the crocodile! You slash the crocodile!
You break out of your daze!
You kill the crocodile!
Qazlal accepts your kill.
Visions of slaying the death yak flood into your mind.
The helpless death yak fails to defend itself.
You chop the death yak into pieces!!!!
You break out of your daze!
You kill the death yak!
Qazlal accepts your kill.
No target in view!
No target in view!
Your extra speed is starting to run out.
You see here a death yak corpse.
You start to feel less resistant.
H - an uncursed ring of positive energy {rN+} Your orange demon is no longer petrified.
You see here Geiwuifo's Guide on Bewitchment and Toxins.
You feel a little less agile now.
You see here a +1 leather armour of cold resistance.
An exit appears before you!
Your surroundings seem different!
You feel yourself slow down.
Found the Orb of Zot.
Found a staircase leading out of the dungeon.
Your resistance to elements expires.
You see here the Orb of Zot.
You pick up the Orb of Zot!
The Orb lets out a hideous shriek!
The lords of Pandemonium are not amused.
Beware!
Now all you have to do is get back out of the dungeon!
There is a staircase leading out of the dungeon here.
You can't go down here!
You have escaped!

....))......▓..▓.......▓..▓.§.8©8
..)).)......▓.▓▓▓.....▓▓▓.▓):[§.§
.....(..(...▓..▓.......▓..▓..§§.)
..).).......▓..........§§.▓....=§
..)(.)......▓..........§..▓......
..(.........▓▓▓▓▓▓▓▓▓▓▓▓▓▓▓..).[.
...)........▓8888888888888▓......
▓.......▓...▓8...§.......8▓..▓...
≈...........▓8.§@§.......8▓.▓)...
...(..≈.....▓8....§.§....8▓...|..
............▓8888888888888▓▓▓▓▓▓▓
▓▓▓▓▓▓▓▓▓▓▓▓▓▓▓▓▓▓▓▓▓▓▓▓▓▓▓▓▓▓▓▓▓
.....8©8........▓........8©8.....
|=|.:|}:||=)):).▓.[}[).[}::§})[=.
))=)}))[=|)}"[..▓..:|:.)§.[[::...
?.}.§§%§"=")}=}.▓.|}).:=[)§.§)))}
..†.†....%......▓.....)):))......


There were no monsters in sight!

Vanquished Creatures
  An ancient lich (D)
  3 pandemonium lords (D)
  A lich (D)
  4 titans (D)
  2 deep elf blademasters (D)
  A deep elf master archer (D)
  An acid blob (D)
  An Executioner (D)
  A death cob (D)
  2 fire giants (D)
  7 greater nagas (D)
  A deep elf sorcerer (D)
  4 frost giants (D)
  A balrug (D)
  3 ghost moths (D)
  3 emperor scorpions (D)
  5 ghouls (D)
  4 reapers (D)
  A stone giant (D)
  6 vampire knights (D)
  A deep elf annihilator (D)
  2 dire elephants (D)
  A blizzard demon (D)
  6 ettins (D)
  3 death oozes (D)
  2 fire dragons (D)
  2 ice dragons (D)
  5 hydras (D)
  A great orb of eyes (D)
  4 naga warriors (D)
  An entropy weaver (D)
  6 catoblepae (D)
  2 anacondas (D)
  10 vampire magi (D)
  4 death yaks (D)
  A soul eater (D)
  A sun demon (D)
  A hell knight (D)
  8 skeletal warriors (D)
  A fire crab (D)
  An ice devil (D)
  A lindwurm (D)
  2 death drakes (D)
  3 deep elf knights (D)
  A flayed ghost (D)
  A giant orange brain (D)
  A swamp dragon (D)
  2 deep elf summoners (D)
  4 hill giants (D)
  An orb spider (D)
  A phantasmal warrior (D)
  8 necromancers (D)
  A deep elf conjurer (D)
  7 wolf spiders (D)
  An orc sorcerer (D)
  A griffon (D)
  2 draconians (D)
  A sixfirhy (D)
  6 cyclopes (D)
  11 hornets (D)
  7 moths of wrath (D)
  9 naga magi (D)
  4 guardian serpents (D)
  13 black mambas (D)
  2 rust devils (D)
  6 torpor snails (D)
  2 eyes of devastation (D)
  5 hellions (D)
  7 komodo dragons (D)
  6 spiny frogs (D)
  10 demonic crawlers (D)
  3 tormentors (D)
  11 jumping spiders (D)
  3 fire drakes (D)
  3 red devils (D)
  A blue devil (D)
  4 merfolk (D)
  A raiju (D)
  A blink frog (D)
  2 slime creatures (D)
  3 boulder beetles (D)
  2 large abominations (D)
  6 shadows (D)
  A flying skull (D)
  4 vampires (D)
  6 yaks (D)
  11 redbacks (D)
  A basilisk (D)
  10 trapdoor spiders (D)
  8 tarantellas (D)
  A ynoxinul (D)
  2 steam dragons (D)
  3 deep elf magi (D)
  A golden eye (D)
  2 wraiths (D)
  2 wyverns (D)
  5 deep elf fighters (D)
  2 hippogriffs (D)
  7 nagas (D)
  A wolf (D)
  4 hell hounds (D)
  A mottled dragon (D)
  18 water moccasins (D)
  A black bear (D)
  2 swamp drakes (D)
  A phantom (D)
  10 wasps (D)
  5 necrophages (D)
  11 crocodiles (D)
  An eye of draining (D)
  3 giant frogs (D)
  10 scorpions (D)
  11 wights (D)
  3 crimson imps (D)
  2 jellies (D)
  A hell rat (D)
  2 sheep (D)
  6 adders (D)
  3 river rats (D)
  3 shadow imps (D)
  An ufetubus (D)
  5 adder zombies (D)
  3 oozes (D)
  3 adder skeletons (D)
  5 bat skeletons (D)
  8 bat zombies (D)
  6 ball pythons (D)
  2 ball python skeletons (D)
  3 ball python zombies (D)
  2 giant cockroach zombies (D)
  4 giant gecko skeletons (D)
  4 giant gecko zombies (D)
  A jackal skeleton (D)
  A jackal zombie (D)
  A quokka skeleton (D)
  3 quokka zombies (D)
498 creatures vanquished.

Vanquished Creatures (collateral kills)
  A pandemonium lord (D)
  A frost giant (D)
  A stone giant (D)
  A green draconian (D)
  A hydra (D)
  A catoblepas (D)
  An anaconda (D)
  A vampire mage (D)
  2 death drakes (D)
  An orb spider (D)
  A hornet (D)
  A griffon (D)
  A draconian (D)
  A black mamba (D)
  A komodo dragon (D)
  2 trapdoor spiders (D)
  A steam dragon (D)
  A giant frog (D)
  A river rat (D)
  3 bat zombies (D)
24 creatures vanquished.

Vanquished Creatures (others)
  A naga mage (D)
  2 yaks (D)
  A crocodile (D)
  An adder zombie (D)
  A bat skeleton (D)
6 creatures vanquished.

Grand Total: 528 creatures vanquished

Notes
Turn   | Place    | Note
--------------------------------------------------------------
     0 | D        | esc the Deep Dwarf Fighter began the quest for the Orb.
     0 | D        | Reached XP level 1. HP: 20/20 MP: 1/1
     2 | D        | Found an iron altar of Okawaru.
     2 | D        | Found a radiant altar of Vehumet.
     2 | D        | Found a shimmering altar of Xom.
     2 | D        | Found a burning altar of Makhleb.
     3 | D        | Found a deep blue altar of Sif Muna.
     5 | D        | Found a corrupted altar of Lugonu.
     5 | D        | Found a white marble altar of Elyvilon.
     5 | D        | Found a roughly hewn altar of Beogh.
     5 | D        | Found a sparkling altar of Nemelex Xobeh.
     5 | D        | Found a viscous altar of Jiyva.
     5 | D        | Found a bloodstained altar of Trog.
    73 | D        | Became a worshipper of Qazlal Stormbringer
    75 | D        | Reached skill level 4 in Fighting
    75 | D        | Reached skill level 4 in Axes
    75 | D        | Reached skill level 4 in Armour
    75 | D        | Reached skill level 3 in Dodging
    75 | D        | Reached skill level 4 in Shields
    75 | D        | Reached XP level 2. HP: 27/30 MP: 2/2
    90 | D        | Entered arena 1.
    90 | D        | Noticed a scorpion
    90 | D        | Noticed a scorpion
    92 | D        | Killed a scorpion
    92 | D        | Reached skill level 5 in Axes
    92 | D        | Reached skill level 5 in Armour
    92 | D        | Reached skill level 4 in Dodging
    92 | D        | Reached skill level 5 in Shields
    92 | D        | Reached XP level 3. HP: 32/37 MP: 3/3
    93 | D        | Killed a scorpion
    93 | D        | Reached skill level 5 in Fighting
    93 | D        | Reached skill level 6 in Armour
    93 | D        | Reached skill level 6 in Shields
    93 | D        | Reached XP level 4. HP: 37/46 MP: 4/4
    97 | D        | Got the ring of Laew {+Fly rElec rF+++ Str-2}
   102 | D        | Got the cursed +1 mace "Weetarif" {crush, MR+}
   105 | D        | Entered arena 2.
   105 | D        | Noticed a water moccasin
   105 | D        | Noticed a water moccasin
   109 | D        | Acquired Qazlal's first power
   110 | D        | Killed a water moccasin
   110 | D        | Reached skill level 6 in Axes
   110 | D        | Reached skill level 5 in Dodging
   110 | D        | Reached XP level 5. HP: 42/55 MP: 5/5
   112 | D        | Killed a water moccasin
   112 | D        | Reached skill level 6 in Fighting
   112 | D        | Reached skill level 7 in Axes
   112 | D        | Reached skill level 7 in Armour
   112 | D        | Reached skill level 6 in Dodging
   112 | D        | Reached skill level 7 in Shields
   112 | D        | Reached XP level 6. HP: 47/62 MP: 6/6
   122 | D        | Got the ring of Generosity {SInv Stlth+}
   128 | D        | Entered arena 3.
   128 | D        | Noticed a scorpion
   128 | D        | Noticed a scorpion
   128 | D        | Noticed a jumping spider
   128 | D        | Noticed a scorpion
   131 | D        | Killed a scorpion
   131 | D        | Acquired Qazlal's second power
   131 | D        | Reached skill level 4 in Invocations
   132 | D        | Killed a scorpion
   132 | D        | Reached skill level 6 in Invocations
   134 | D        | Killed a jumping spider
   134 | D        | Reached skill level 10 in Invocations
   134 | D        | Reached XP level 7. HP: 52/69 MP: 6/15
   135 | D        | Killed a scorpion
   135 | D        | Reached skill level 11 in Invocations
   146 | D        | Got the ring "Miudeuba" {rF+ MR++ Str-4}
   148 | D        | Entered arena 4.
   148 | D        | Noticed a merfolk
   148 | D        | Noticed a merfolk
   148 | D        | Noticed a merfolk
   148 | D        | Noticed a merfolk
   155 | D        | Killed a merfolk
   155 | D        | Reached skill level 13 in Invocations
   158 | D        | Killed a merfolk
   158 | D        | Acquired Qazlal's third power
   158 | D        | Reached skill level 14 in Invocations
   158 | D        | Reached XP level 8. HP: 55/76 MP: 6/18
   159 | D        | Killed a merfolk
   159 | D        | Reached skill level 15 in Invocations
   161 | D        | Killed a merfolk
   161 | D        | Reached skill level 16 in Invocations
   182 | D        | Got the ring "Famufyon" {rF+ Slay+2}
  1109 | D        | Entered arena 5.
  1109 | D        | Noticed a death cob
  1109 | D        | Noticed a draconian
  1109 | D        | Noticed a draconian
  1109 | D        | Noticed a green draconian
  1109 | D        | Noticed a draconian
  1114 | D        | Killed a draconian
  1114 | D        | Reached skill level 17 in Invocations
  1115 | D        | HP: 16/76 [death cob (7)]
  1118 | D        | HP: 6/76 [green draconian/long sword (2)]
  1119 | D        | Killed a death cob
  1119 | D        | Acquired Qazlal's fourth power
  1119 | D        | Reached skill level 21 in Invocations
  1119 | D        | Gained mutation: You passively map the area around you. [Deep Dwarf growth]
  1119 | D        | Reached XP level 9. HP: 34/82 MP: 18/23
  1120 | D        | Killed a draconian
  1121 | D        | Killed a green draconian
  1121 | D        | Reached skill level 22 in Invocations
  1121 | D        | Reached XP level 10. HP: 31/91 MP: 18/25
  1125 | D        | Killed a draconian
  1125 | D        | Reached skill level 23 in Invocations
  1152 | D        | Entered arena 6.
  1152 | D        | Noticed an eye of draining
  1152 | D        | Noticed a jelly
  1152 | D        | Noticed a jelly
  1152 | D        | Noticed a golden eye
  1154 | D        | Acquired Qazlal's fifth power
  1155 | D        | Killed a golden eye
  1156 | D        | Killed a jelly
  1158 | D        | Killed a jelly
  1160 | D        | Killed an eye of draining
  1165 | D        | Got the +0 shield of Divine Intervention {rN+}
  1170 | D        | Got the +4 dagger of Unwuogipp {freeze, Dex+3}
  1173 | D        | Got the +5 pair of boots of the Fisher {*Contam Dex+2 Stlth+}
  1183 | D        | Entered arena 7.
  1183 | D        | Noticed a phantom
  1186 | D        | Killed a phantom
  1207 | D        | Entered arena 8.
  1207 | D        | Noticed a deep elf conjurer
  1207 | D        | Noticed a deep elf mage
  1207 | D        | Noticed a deep elf mage
  1207 | D        | Noticed a deep elf mage
  1207 | D        | Noticed a deep elf fighter
  1207 | D        | Noticed a deep elf fighter
  1207 | D        | Noticed a deep elf knight
  1208 | D        | Killed a deep elf fighter
  1208 | D        | Killed a deep elf knight
  1208 | D        | Reached skill level 24 in Invocations
  1208 | D        | Killed a deep elf mage
  1213 | D        | Killed a deep elf conjurer
  1214 | D        | Killed a deep elf mage
  1214 | D        | Killed a deep elf fighter
  1215 | D        | Killed a deep elf mage
  1217 | D        | Got the +6 battleaxe of the Black Skies {pain, rElec rPois Str-4 Stlth+}
  1247 | D        | Entered arena 9.
  1247 | D        | Noticed a crimson imp
  1247 | D        | Noticed a large abomination
  1247 | D        | Noticed a raiju
  1247 | D        | Noticed a crimson imp
  1248 | D        | Killed a crimson imp
  1252 | D        | Killed a large abomination
  1255 | D        | Killed a crimson imp
  1257 | D        | Killed a raiju
  1257 | D        | Reached skill level 1 in Spellcasting
  1257 | D        | Reached skill level 25 in Invocations
  1264 | D        | Got the +8 falchion "Avajoar" {slice, rC+ Int+4}
  1270 | D        | Entered arena 10.
  1270 | D        | Noticed a wolf spider
  1270 | D        | Noticed a scorpion
  1270 | D        | Noticed a wolf spider
  1270 | D        | Noticed a tarantella
  1270 | D        | Noticed a scorpion
  1270 | D        | Noticed a scorpion
  1270 | D        | Noticed a scorpion
  1270 | D        | Noticed a scorpion
  1270 | D        | Noticed a redback
  1271 | D        | Killed a scorpion
  1271 | D        | Reached skill level 7 in Dodging
  1271 | D        | Killed a scorpion
  1271 | D        | Killed a scorpion
  1271 | D        | Killed a redback
  1271 | D        | Reached skill level 8 in Armour
  1274 | D        | Killed a tarantella
  1276 | D        | Killed a scorpion
  1276 | D        | Killed a wolf spider
  1276 | D        | Reached skill level 8 in Shields
  1276 | D        | Reached XP level 11. HP: 67/99 MP: 21/27
  1277 | D        | Killed a scorpion
  1277 | D        | Reached skill level 2 in Spellcasting
  1278 | D        | Killed a wolf spider
  1288 | D        | Got the +9 halberd "Leviticus" {vamp, +Blink rElec Int-5 Dex-4}
  1299 | D        | Got the +0 robe of the Ditch-Digger {Int+3 Dex+2}
  1305 | D        | Entered arena 11.
  1305 | D        | Noticed a great orb of eyes
  1305 | D        | Noticed a death ooze
  1305 | D        | Noticed an eye of devastation
  1305 | D        | Noticed a death ooze
  1306 | D        | Noticed a slime creature
  1306 | D        | Noticed an acid blob
  1306 | D        | Noticed an eye of devastation
  1307 | D        | Noticed a slime creature
  1307 | D        | Noticed a death ooze
  1307 | D        | Killed a slime creature
  1307 | D        | Reached skill level 8 in Axes
  1307 | D        | Killed a slime creature
  1307 | D        | Killed a death ooze
  1307 | D        | Reached skill level 7 in Fighting
  1307 | D        | Reached skill level 3 in Spellcasting
  1307 | D        | Killed an acid blob
  1307 | D        | Reached skill level 9 in Axes
  1307 | D        | Reached skill level 9 in Armour
  1307 | D        | Reached skill level 8 in Dodging
  1307 | D        | Reached skill level 9 in Shields
  1307 | D        | Killed a death ooze
  1307 | D        | Reached skill level 4 in Spellcasting
  1308 | D        | Killed a great orb of eyes
  1308 | D        | Reached skill level 8 in Fighting
  1308 | D        | Reached skill level 9 in Dodging
  1308 | D        | Killed a death ooze
  1308 | D        | Reached skill level 10 in Armour
  1308 | D        | Killed an eye of devastation
  1308 | D        | Reached skill level 10 in Shields
  1310 | D        | Killed an eye of devastation
  3342 | D        | Entered arena 12.
  3342 | D        | Noticed a vampire mage
  3342 | D        | Noticed a wight
  3342 | D        | Noticed a vampire mage
  3342 | D        | Noticed a wight
  3342 | D        | Noticed a vampire knight
  3343 | D        | Noticed a shadow
  3343 | D        | Noticed a wight
  3343 | D        | Noticed a skeletal warrior
  3343 | D        | Killed a vampire knight
  3343 | D        | Reached skill level 10 in Axes
  3343 | D        | Reached skill level 5 in Spellcasting
  3343 | D        | Killed a shadow
  3343 | D        | Killed a wight
  3343 | D        | Reached XP level 12. HP: 104/112 MP: 27/27
  3343 | D        | Killed a vampire mage
  3343 | D        | Killed a wight
  3343 | D        | Killed a wight
  3343 | D        | Killed a skeletal warrior
  3343 | D        | Reached skill level 10 in Dodging
  3343 | D        | Killed a necromancer
  3343 | D        | Reached skill level 9 in Fighting
  3350 | D        | Killed a vampire mage
  3366 | D        | Got the amulet "Coxzier" {-Tele +Rage +Inv rPois}
  3375 | D        | Got the cursed +3 dagger "Casubbag" {pierce, rF++ Str-4 Int+2}
  3388 | D        | Got the +8 broad axe of Power {chop, +Fly rElec rC+ rN+ Dex-2}
  3394 | D        | Entered arena 13.
  3395 | D        | Noticed a hornet
  3395 | D        | Noticed a tarantella
  3395 | D        | Noticed a jumping spider
  3395 | D        | Noticed a wasp
  3395 | D        | Noticed a wasp
  3395 | D        | Killed a jumping spider
  3395 | D        | Reached skill level 11 in Armour
  3395 | D        | Killed a wasp
  3395 | D        | Killed a wasp
  3395 | D        | Killed a tarantella
  3395 | D        | Killed a hornet
  3395 | D        | Killed a wasp
  3395 | D        | Reached skill level 11 in Shields
  3396 | D        | Noticed a hornet
  3396 | D        | Noticed a trapdoor spider
  3396 | D        | Noticed a jumping spider
  3396 | D        | Noticed a torpor snail
  3397 | D        | Noticed a tarantella
  3397 | D        | Killed a trapdoor spider
  3397 | D        | Reached skill level 26 in Invocations
  3398 | D        | Killed a torpor snail
  3398 | D        | Killed a hornet
  3399 | D        | Noticed a trapdoor spider
  3401 | D        | Killed a tarantella
  3401 | D        | Reached skill level 11 in Axes
  3403 | D        | Killed a jumping spider
  3404 | D        | Killed a trapdoor spider
  3421 | D        | Got the ring of the Jolly Wishes {rElec rF+ rC- Dex+3}
  3429 | D        | Got the +1 storm dragon armour of the Heavens {*Confuse rElec rC++ Str+2 Dex+2, rElec}
  3437 | D        | Got a faintly glowing cloak
  3443 | D        | Identified the +0 cloak of Duggarer {+Inv rN+} (You acquired it in the Dungeon)
  3450 | D        | Entered arena 14.
  3451 | D        | Noticed a deep elf fighter
  3451 | D        | Noticed a deep elf blademaster
  3451 | D        | Noticed a deep elf knight
  3451 | D        | Noticed a deep elf summoner
  3451 | D        | Noticed a deep elf fighter
  3451 | D        | Killed a deep elf summoner
  3451 | D        | Noticed a deep elf fighter
  3452 | D        | Noticed a deep elf annihilator
  3452 | D        | Noticed a deep elf master archer
  3452 | D        | Killed a deep elf knight
  3452 | D        | Reached skill level 11 in Dodging
  3452 | D        | Killed a deep elf annihilator
  3452 | D        | Killed a deep elf fighter
  3452 | D        | Killed a deep elf fighter
  3452 | D        | Killed a deep elf sorcerer
  3452 | D        | Reached skill level 10 in Fighting
  3452 | D        | Reached skill level 12 in Armour
  3454 | D        | Noticed a deep elf blademaster
  3454 | D        | Noticed a deep elf summoner
  3454 | D        | Killed a deep elf blademaster
  3454 | D        | Reached skill level 12 in Axes
  3454 | D        | Reached skill level 12 in Shields
  3455 | D        | Noticed an orc sorcerer
  3455 | D        | Killed a deep elf blademaster
  3455 | D        | Reached skill level 12 in Dodging
  3455 | D        | Reached XP level 13. HP: 109/124 MP: 19/29
  3455 | D        | Killed a deep elf knight
  3459 | D        | Killed a deep elf fighter
  3462 | D        | Killed an orc sorcerer
  3463 | D        | Killed a deep elf summoner
  3465 | D        | Killed a deep elf master archer
  3465 | D        | Reached skill level 11 in Fighting
  3465 | D        | Reached skill level 13 in Armour
  3467 | D        | Got the +1 great sword of Bankruptcy {antimagic, Int+4}
  3504 | D        | Got the +10 hand crossbow of Beogh's Whim {flame, +Inv rElec MR+ Dex-3}
  3511 | D        | Got the amulet "Toun Sif" {Clar Dex+2 Stlth+}
  3513 | D        | Got the +0 large shield of the Flute {Str-4 Int+5}
  3520 | D        | Entered arena 15.
  3521 | D        | Noticed Osupe the pandemonium lord
  3521 | D        | Noticed an Executioner
  3521 | D        | Noticed a blue devil
  3521 | D        | Noticed a giant orange brain
  3521 | D        | Noticed a soul eater
  3522 | D        | Noticed a sixfirhy
  3522 | D        | Noticed Mabeosil the pandemonium lord
  3522 | D        | Noticed a rust devil
  3522 | D        | Noticed a blizzard demon
  3522 | D        | Noticed Apnil the pandemonium lord
  3522 | D        | Noticed Cibal the pandemonium lord
  3522 | D        | Noticed a sun demon
  3523 | D        | Noticed a large abomination
  3523 | D        | Noticed an Ice Fiend
  3524 | D        | Noticed a ynoxinul
  3528 | D        | Killed a blizzard demon
  3529 | D        | Killed a blue devil
  3529 | D        | Reached skill level 13 in Shields
  3529 | D        | Killed a sun demon
  3529 | D        | Killed a rust devil
  3529 | D        | Killed a large abomination
  3529 | D        | Killed a ynoxinul
  3529 | D        | Reached skill level 13 in Axes
  3529 | D        | Killed a soul eater
  3532 | D        | Noticed a Hell Sentinel
  3532 | D        | Killed a giant orange brain
  3532 | D        | Killed an Ice Fiend
  3532 | D        | Killed Cibal the pandemonium lord
  3532 | D        | Reached skill level 13 in Dodging
  3532 | D        | Reached skill level 27 in Invocations
  3538 | D        | Killed Mabeosil the pandemonium lord
  3538 | D        | Reached skill level 12 in Fighting
  3538 | D        | Reached skill level 14 in Armour
  3538 | D        | Reached skill level 14 in Shields
  3541 | D        | Killed Osupe the pandemonium lord
  3541 | D        | Reached skill level 14 in Axes
  3541 | D        | Reached skill level 14 in Dodging
  3543 | D        | Killed an Executioner
  3546 | D        | Killed a sixfirhy
  3548 | D        | Noticed a reaper
  3550 | D        | Killed a Hell Sentinel
  3551 | D        | Killed Apnil the pandemonium lord
  3551 | D        | Reached skill level 13 in Fighting
  3551 | D        | Reached skill level 15 in Axes
  3551 | D        | Reached skill level 15 in Armour
  3551 | D        | Reached skill level 15 in Shields
  3551 | D        | Gained mutation: You resist negative energy. [Deep Dwarf growth]
  3551 | D        | Reached XP level 14. HP: 69/141 MP: 1/30
  3572 | D        | Got the cursed +0 robe "Seol" {rN+ rCorr}
  3584 | D        | Entered arena 16.
  3586 | D        | Noticed a black mamba
  3586 | D        | Noticed a black bear
  3586 | D        | Noticed a komodo dragon
  3586 | D        | Noticed a water moccasin
  3586 | D        | Noticed a black mamba
  3587 | D        | Noticed a giant frog
  3587 | D        | Noticed a giant frog
  3587 | D        | Noticed a komodo dragon
  3587 | D        | Noticed a hell rat
  3587 | D        | Killed a giant frog
  3587 | D        | Killed a hippogriff
  3587 | D        | Killed a black mamba
  3587 | D        | Killed a water moccasin
  3587 | D        | Reached skill level 15 in Dodging
  3589 | D        | Noticed a giant frog
  3589 | D        | Noticed a giant frog
  3590 | D        | Noticed a komodo dragon
  3590 | D        | Killed a black mamba
  3592 | D        | Killed a giant frog
  3593 | D        | Killed a water moccasin
  3594 | D        | Noticed a six-headed hydra
  3594 | D        | Killed a komodo dragon
  3594 | D        | Killed a hell rat
  3596 | D        | Killed a black bear
  3597 | D        | Killed a komodo dragon
  3597 | D        | Killed a giant frog
  3601 | D        | Killed a komodo dragon
  3601 | D        | Killed a giant frog
  3602 | D        | Killed an eight-headed hydra
  3625 | D        | Got the +1 scale mail "Moeley" {rC+ MR+ Dex-2 SInv}
  3628 | D        | Got the +0 leather armour "Kinebb" {Int+7}
  3635 | D        | Entered arena 17.
  3637 | D        | Noticed a fire dragon
  3637 | D        | Noticed a death drake
  3637 | D        | Noticed a steam dragon
  3637 | D        | Noticed a steam dragon
  3637 | D        | Noticed a swamp dragon
  3637 | D        | Noticed an ice dragon
  3637 | D        | Noticed a fire dragon
  3638 | D        | Noticed a swamp drake
  3639 | D        | Noticed a death drake
  3639 | D        | Noticed a swamp drake
  3639 | D        | Noticed a fire drake
  3639 | D        | Noticed a death drake
  3639 | D        | Noticed a wyvern
  3639 | D        | Noticed a six-headed hydra
  3640 | D        | Noticed an ice dragon
  3640 | D        | Killed a steam dragon
  3640 | D        | Killed a fire drake
  3640 | D        | Killed a swamp drake
  3641 | D        | Noticed a steam dragon
  3641 | D        | Killed a swamp dragon
  3641 | D        | Killed an ice dragon
  3641 | D        | Killed a fire dragon
  3641 | D        | Killed a steam dragon
  3641 | D        | Killed a death drake
  3641 | D        | Killed a six-headed hydra
  3641 | D        | Reached skill level 16 in Armour
  3641 | D        | Killed a death drake
  3641 | D        | Killed a death drake
  3642 | D        | Noticed a mottled dragon
  3642 | D        | Noticed a death drake
  3642 | D        | Killed an ice dragon
  3642 | D        | Killed a swamp drake
  3642 | D        | Reached skill level 16 in Shields
  3642 | D        | Killed a mottled dragon
  3642 | D        | Killed a wyvern
  3642 | D        | Reached skill level 16 in Axes
  3648 | D        | Killed a fire dragon
  3649 | D        | Killed a steam dragon
  3649 | D        | Killed a death drake
  3649 | D        | Reached skill level 14 in Fighting
  3682 | D        | Got the cursed +0 quarterstaff of the Sea {freeze, *Noise MP+9 Int-4 Dex+4}
  3704 | D        | Entered arena 18.
  3704 | D        | Noticed a hell hound
  3704 | D        | Noticed a hell hound
  3705 | D        | Noticed a hell hound
  3707 | D        | Noticed a rust devil
  3707 | D        | Noticed a tormentor
  3708 | D        | Noticed a hellion
  3709 | D        | Noticed a necrophage
  3709 | D        | Noticed a phantasmal warrior
  3709 | D        | Noticed a shadow
  3709 | D        | Killed a hell hound
  3709 | D        | Reached skill level 16 in Dodging
  3710 | D        | Noticed a reaper
  3710 | D        | Noticed a reaper
  3711 | D        | Killed a phantasmal warrior
  3711 | D        | Killed a shadow
  3711 | D        | Killed a tormentor
  3711 | D        | Killed a necrophage
  3711 | D        | Killed a rust devil
  3711 | D        | Killed a reaper
  3711 | D        | Killed a hellion
  3711 | D        | Killed a reaper
  3711 | D        | Reached skill level 17 in Armour
  3711 | D        | Killed a hell hound
  3711 | D        | Killed a hell hound
  3740 | D        | Noticed an ice devil
  3740 | D        | Killed an ice devil
  6156 | D        | Got the +8 shortbow "Dwarf's Foe" {velocity, Str+4}
  6159 | D        | Got the +1 leather armour "Wule" {rC++ rN+ Dex+4}
  6169 | D        | Got the ring "Larrioc" {rF+ rC+ Dex+4 SInv}
  6187 | D        | Entered arena 19.
  6187 | D        | Noticed a vampire
  6187 | D        | Noticed a wight
  6187 | D        | Noticed a vampire mage
  6189 | D        | Noticed a wight
  6193 | D        | Noticed a vampire
  6193 | D        | Killed a vampire mage
  6195 | D        | Killed a vampire
  6196 | D        | Noticed a ghoul
  6196 | D        | Noticed a necromancer
  6196 | D        | Noticed a necrophage
  6196 | D        | Noticed a skeletal warrior
  6197 | D        | Noticed a shadow
  6197 | D        | Noticed a necromancer
  6197 | D        | Noticed a necrophage
  6197 | D        | Killed a wight
  6197 | D        | Killed a wight
  6198 | D        | Noticed a shadow
  6198 | D        | Noticed a skeletal warrior
  6198 | D        | Noticed a necrophage
  6198 | D        | Noticed a vampire mage
  6199 | D        | Noticed a skeletal warrior
  6200 | D        | Noticed a wight
  6201 | D        | Killed a necrophage
  6201 | D        | Killed a shadow
  6201 | D        | Killed a shadow
  6201 | D        | Killed a necromancer
  6201 | D        | Killed a necromancer
  6201 | D        | Killed a vampire mage
  6201 | D        | Killed a necrophage
  6201 | D        | Killed a vampire
  6201 | D        | Killed a skeletal warrior
  6201 | D        | Killed a wight
  6201 | D        | Killed a necrophage
  6201 | D        | Killed a skeletal warrior
  6201 | D        | Killed a skeletal warrior
  6201 | D        | Reached skill level 17 in Shields
  6203 | D        | Killed a ghoul
  6203 | D        | Reached skill level 17 in Axes
  6203 | D        | Reached skill level 18 in Armour
  6212 | D        | Got the ring of Saaf {SustAt rN+}
  6215 | D        | Got the ring of Hospitality {*Corrode +Fly rPois MP+9 SInv}
  6234 | D        | Got the +1 blowgun of Light {speed, rF+ Int+4}
  6261 | D        | Entered arena 20.
  6265 | D        | Noticed a spiny frog
  6265 | D        | Noticed a crocodile
  6265 | D        | Noticed a komodo dragon
  6266 | D        | Noticed a fire drake
  6266 | D        | Killed a fire drake
  6266 | D        | Killed a fire drake
  6266 | D        | Killed a torpor snail
  6266 | D        | Reached skill level 17 in Dodging
  6267 | D        | Noticed a yak
  6268 | D        | Noticed a dire elephant
  6268 | D        | Noticed a spiny frog
  6268 | D        | Noticed a water moccasin
  6269 | D        | Noticed a water moccasin
  6269 | D        | Noticed a griffon
  6269 | D        | Noticed a yak
  6270 | D        | Noticed an eight-headed hydra
  6270 | D        | Noticed a boulder beetle
  6270 | D        | Noticed a komodo dragon
  6270 | D        | Killed a spiny frog
  6271 | D        | Noticed a crocodile
  6271 | D        | Noticed a crocodile
  6272 | D        | Noticed a yak
  6272 | D        | Killed a komodo dragon
  6273 | D        | Noticed a crocodile
  6273 | D        | Noticed a spiny frog
  6273 | D        | Killed a crocodile
  6274 | D        | Noticed a crocodile
  6274 | D        | Killed a spiny frog
  6274 | D        | Killed a water moccasin
  6275 | D        | Noticed a boulder beetle
  6276 | D        | Killed an eight-headed hydra
  6279 | D        | Killed a yak
  6280 | D        | Killed a komodo dragon
  6280 | D        | Killed a griffon
  6280 | D        | Killed a dire elephant
  6280 | D        | Reached skill level 15 in Fighting
  6281 | D        | Killed a yak
  6281 | D        | Killed a yak
  6282 | D        | Killed a crocodile
  6284 | D        | Killed a boulder beetle
  6284 | D        | Killed a water moccasin
  6287 | D        | Killed a crocodile
  6289 | D        | Killed a crocodile
  6291 | D        | Killed a boulder beetle
  6294 | D        | Killed a spiny frog
  6295 | D        | Killed a crocodile
  6355 | D        | Got the +5 glaive of Inkicsed {vamp, Dex+2}
  6362 | D        | Entered arena 21.
  6366 | D        | Noticed a frost giant
  6366 | D        | Noticed a stone giant
  6366 | D        | Noticed an ettin
  6366 | D        | Noticed a frost giant
  6367 | D        | Noticed a frost giant
  6367 | D        | Killed an ettin
  6367 | D        | Reached XP level 15. HP: 125/154 MP: 20/31
  6367 | D        | Killed a cyclops
  6368 | D        | Noticed a hill giant
  6368 | D        | Noticed a stone giant
  6368 | D        | Killed a frost giant
  6368 | D        | Reached skill level 19 in Armour
  6369 | D        | Killed a hill giant
  6369 | D        | Killed an ettin
  6369 | D        | Killed a frost giant
  6370 | D        | Noticed a titan
  6371 | D        | Noticed an ettin
  6371 | D        | Noticed a fire giant
  6371 | D        | Noticed a hill giant
  6371 | D        | Noticed a titan
  6371 | D        | Noticed a frost giant
  6371 | D        | Noticed a fire giant
  6371 | D        | Noticed a cyclops
  6372 | D        | Noticed an ettin
  6372 | D        | Noticed a titan
  6372 | D        | Noticed a cyclops
  6372 | D        | Noticed a cyclops
  6372 | D        | Noticed a titan
  6372 | D        | Noticed a cyclops
  6372 | D        | Noticed a hill giant
  6372 | D        | Killed a stone giant
  6372 | D        | Reached skill level 18 in Shields
  6373 | D        | Killed a fire giant
  6373 | D        | Reached skill level 18 in Axes
  6373 | D        | Killed an ettin
  6373 | D        | Killed a frost giant
  6373 | D        | Reached skill level 20 in Armour
  6373 | D        | Reached skill level 18 in Dodging
  6373 | D        | Killed an ettin
  6373 | D        | Killed a titan
  6373 | D        | Killed a cyclops
  6373 | D        | Killed a titan
  6373 | D        | Reached skill level 16 in Fighting
  6373 | D        | Killed an ettin
  6373 | D        | Killed a hill giant
  6373 | D        | Killed a cyclops
  6373 | D        | Killed a stone giant
  6373 | D        | Killed a frost giant
  6373 | D        | Killed a fire giant
  6373 | D        | Reached skill level 19 in Shields
  6373 | D        | Killed a cyclops
  6373 | D        | Reached skill level 19 in Axes
  6373 | D        | Killed a hill giant
  6373 | D        | Killed a titan
  6373 | D        | Reached skill level 21 in Armour
  6373 | D        | Reached skill level 19 in Dodging
  6373 | D        | Killed a titan
  6373 | D        | Killed a cyclops
  6373 | D        | Killed a cyclops
  6373 | D        | Killed a frost giant
  6373 | D        | Killed a hill giant
  6374 | D        | balanced
  6378 | D        | Noticed an ettin
  6386 | D        | Killed an ettin
  6427 | D        | Got the +11 demon blade of Disharmony {vamp, *Corrode Str+7}
  9285 | D        | Entered arena 22.
  9294 | D        | Noticed a tarantella
  9294 | D        | Noticed a wasp
  9294 | D        | Noticed a jumping spider
  9294 | D        | Killed a wasp
  9294 | D        | Killed a tarantella
  9295 | D        | Noticed a wolf spider
  9295 | D        | Noticed an emperor scorpion
  9295 | D        | Noticed a wasp
  9295 | D        | Noticed a hornet
  9295 | D        | Noticed a redback
  9295 | D        | Noticed a moth of wrath
  9295 | D        | Killed a moth of wrath
  9295 | D        | Reached skill level 17 in Fighting
  9295 | D        | Killed a wasp
  9295 | D        | Killed a jumping spider
  9295 | D        | Killed a hornet
  9296 | D        | Noticed a hornet
  9296 | D        | Noticed a jumping spider
  9296 | D        | Noticed a wolf spider
  9296 | D        | Noticed a trapdoor spider
  9296 | D        | Noticed a demonic crawler
  9296 | D        | Killed a wolf spider
  9296 | D        | Killed a wasp
  9296 | D        | Killed a redback
  9296 | D        | Killed a hornet
  9297 | D        | Noticed a tarantella
  9297 | D        | Noticed a ghost moth
  9297 | D        | Killed an emperor scorpion
  9297 | D        | Killed a redback
  9297 | D        | Killed a demonic crawler
  9297 | D        | Killed a jumping spider
  9297 | D        | Killed a tarantella
  9297 | D        | Killed a wolf spider
  9297 | D        | Killed a trapdoor spider
  9298 | D        | Noticed a trapdoor spider
  9298 | D        | Noticed a demonic crawler
  9298 | D        | Noticed an orb spider
  9298 | D        | Noticed a moth of wrath
  9298 | D        | Killed a tarantella
  9298 | D        | Killed a moth of wrath
  9298 | D        | Killed a trapdoor spider
  9298 | D        | Killed a redback
  9299 | D        | Noticed a trapdoor spider
  9299 | D        | Noticed a wolf spider
  9299 | D        | Noticed a demonic crawler
  9299 | D        | Noticed a redback
  9300 | D        | Noticed a trapdoor spider
  9300 | D        | Noticed a hornet
  9300 | D        | Noticed a hornet
  9300 | D        | Killed a redback
  9300 | D        | Reached skill level 20 in Shields
  9302 | D        | Noticed a jumping spider
  9302 | D        | Killed a hornet
  9302 | D        | Killed a hornet
  9303 | D        | Killed a ghost moth
  9303 | D        | Reached skill level 20 in Axes
  9307 | D        | Killed a trapdoor spider
  9307 | D        | Killed a jumping spider
  9309 | D        | Killed a wolf spider
  9309 | D        | Reached XP level 16. HP: 132/169 MP: 1/32
  9309 | D        | Killed a demonic crawler
  9309 | D        | Reached skill level 20 in Dodging
  9310 | D        | Killed a demonic crawler
  9310 | D        | Killed a trapdoor spider
  9310 | D        | Killed a hornet
  9311 | D        | Killed an orb spider
  9350 | D        | Got the +2 cloak "Neguuha" {rCorr MP+9}
  9367 | D        | Got the amulet "Awke" {+Rage +Fly Int+2 Dex+7}
  9383 | D        | Got the ring "Eraschad" {Fire *Drain Str+2 Int+6}
 12097 | D        | Entered arena 23.
 12104 | D        | Noticed a tormentor
 12105 | D        | Noticed a flayed ghost
 12105 | D        | Noticed a red devil
 12105 | D        | Noticed a flying skull
 12105 | D        | Noticed a wraith
 12105 | D        | Killed a flying skull
 12105 | D        | Killed a tormentor
 12106 | D        | Killed a flayed ghost
 12107 | D        | Noticed a tormentor
 12107 | D        | Noticed a hellion
 12107 | D        | Killed a red devil
 12108 | D        | Noticed a hellion
 12108 | D        | Killed a tormentor
 12108 | D        | Reached skill level 22 in Armour
 12109 | D        | Noticed a hell hound
 12109 | D        | Noticed a crimson imp
 12109 | D        | Noticed a hell knight
 12109 | D        | Killed a hellion
 12110 | D        | Noticed a red devil
 12110 | D        | Killed a hell knight
 12110 | D        | Killed a hellion
 12112 | D        | Noticed a reaper
 12112 | D        | Noticed a wraith
 12112 | D        | Noticed a balrug
 12112 | D        | Noticed a hellion
 12113 | D        | Noticed a reaper
 12114 | D        | Noticed a hellion
 12114 | D        | Noticed a red devil
 12114 | D        | Killed a wraith
 12114 | D        | Killed a hell hound
 12116 | D        | Killed a hellion
 12116 | D        | Killed a wraith
 12116 | D        | Killed a reaper
 12116 | D        | Killed a red devil
 12116 | D        | Killed a crimson imp
 12116 | D        | Killed a balrug
 12116 | D        | Killed a hellion
 12116 | D        | Killed a red devil
 12116 | D        | Killed a reaper
 12132 | D        | Got the +3 flail of Curgh {antimagic, MP+9 Stlth+}
 12135 | D        | Got the +8 falchion of Ykahem {slice, Stlth+}
 12138 | D        | Got the +4 leather armour of Desidd {Str+3 Int+5 Slay+4}
 12152 | D        | Got the amulet "Guun" {Regen+ Int+3 Dex-3}
 12167 | D        | Got the amulet of Taskijeeto {rCorr rElec MR+++ Str+4 Dex-2}
 12174 | D        | Got the +9 trident of the Stork {flame, +Blink +Inv rF- MR+}
 12270 | D        | Entered arena 24.
 12270 | D        | Noticed a vampire mage
 12270 | D        | Noticed a wight
 12270 | D        | Noticed a vampire mage
 12270 | D        | Noticed a necrophage
 12272 | D        | Noticed a vampire mage
 12275 | D        | Noticed a wight
 12275 | D        | Noticed a vampire mage
 12275 | D        | Killed a vampire mage
 12275 | D        | Killed a wight
 12280 | D        | Noticed a vampire
 12280 | D        | Noticed an ancient lich
 12281 | D        | Killed a necrophage
 12282 | D        | Noticed a vampire knight
 12283 | D        | Noticed a ghoul
 12283 | D        | Noticed a vampire knight
 12284 | D        | Noticed a shadow
 12284 | D        | Noticed a lich
 12284 | D        | Noticed a shadow
 12284 | D        | Noticed a vampire knight
 12284 | D        | Killed a vampire mage
 12284 | D        | Reached skill level 18 in Fighting
 12285 | D        | Noticed a skeletal warrior
 12285 | D        | Noticed a necromancer
 12285 | D        | Noticed a skeletal warrior
 12286 | D        | Noticed a necromancer
 12286 | D        | Noticed a necromancer
 12286 | D        | Killed a vampire
 12286 | D        | Killed a shadow
 12286 | D        | Killed a necromancer
 12287 | D        | Noticed a ghoul
 12287 | D        | Noticed a necromancer
 12287 | D        | Noticed a necromancer
 12287 | D        | Noticed a skeletal warrior
 12287 | D        | Killed a necromancer
 12287 | D        | Killed a vampire knight
 12287 | D        | Killed a necromancer
 12288 | D        | Noticed a vampire mage
 12288 | D        | Noticed a vampire mage
 12288 | D        | Noticed a wight
 12288 | D        | Killed a vampire mage
 12289 | D        | Noticed a vampire
 12290 | D        | Noticed a ghoul
 12290 | D        | Killed a lich
 12290 | D        | Reached skill level 21 in Axes
 12290 | D        | Reached skill level 21 in Shields
 12290 | D        | Killed a skeletal warrior
 12290 | D        | Killed a vampire knight
 12290 | D        | Reached skill level 21 in Dodging
 12290 | D        | Killed a wight
 12290 | D        | Killed a necromancer
 12290 | D        | Killed a shadow
 12290 | D        | Killed a vampire knight
 12290 | D        | Killed a ghoul
 12290 | D        | Killed a wight
 12290 | D        | Killed a vampire mage
 12290 | D        | Killed a vampire mage
 12290 | D        | Killed a vampire
 12290 | D        | Killed a ghoul
 12290 | D        | Reached skill level 23 in Armour
 12290 | D        | Killed a skeletal warrior
 12290 | D        | Killed a skeletal warrior
 12290 | D        | Killed a necromancer
 12290 | D        | Killed a vampire mage
 12290 | D        | Killed a skeletal warrior
 12290 | D        | Killed a wight
 12290 | D        | Killed a vampire mage
 12293 | D        | Killed an ancient lich
 12293 | D        | Reached skill level 19 in Fighting
 12293 | D        | Reached skill level 22 in Axes
 12293 | D        | Reached skill level 22 in Shields
 12294 | D        | Noticed a vampire knight
 12295 | D        | Noticed a vampire knight
 12295 | D        | Noticed a wight
 12296 | D        | Noticed a ghoul
 12299 | D        | Killed a ghoul
 12309 | D        | Killed a ghoul
 12309 | D        | Reached skill level 22 in Dodging
 12314 | D        | Killed a vampire knight
 12314 | D        | Killed a wight
 12320 | D        | Killed a vampire knight
 12355 | D        | Got the +7 hunting sling "Qifen Wek" {flame, *Drain rF+ Int+6}
 12359 | D        | Got the +10 eveningstar of Corporal Punishment {crush, +Inv MR+}
 12391 | D        | Entered arena 25.
 12401 | D        | Noticed a demonic crawler
 12401 | D        | Noticed a jumping spider
 12401 | D        | Noticed a jumping spider
 12401 | D        | Noticed a redback
 12401 | D        | Noticed a demonic crawler
 12401 | D        | Noticed a moth of wrath
 12401 | D        | Noticed a hornet
 12401 | D        | Noticed a wasp
 12401 | D        | Noticed a ghost moth
 12402 | D        | Noticed a trapdoor spider
 12402 | D        | Noticed an emperor scorpion
 12402 | D        | Noticed a jumping spider
 12402 | D        | Killed a wasp
 12402 | D        | Killed a hornet
 12402 | D        | Reached skill level 1 in Evocations
 12402 | D        | Killed a jumping spider
 12402 | D        | Killed a moth of wrath
 12402 | D        | Reached skill level 6 in Spellcasting
 12402 | D        | Reached skill level 2 in Evocations
 12403 | D        | Noticed a hornet
 12403 | D        | Noticed a redback
 12403 | D        | Noticed a ghost moth
 12403 | D        | Noticed a redback
 12403 | D        | Noticed an entropy weaver
 12403 | D        | Noticed a demonic crawler
 12403 | D        | Noticed an emperor scorpion
 12403 | D        | Noticed a wasp
 12403 | D        | Noticed a trapdoor spider
 12403 | D        | Noticed a trapdoor spider
 12403 | D        | Noticed a redback
 12403 | D        | Noticed a moth of wrath
 12403 | D        | Noticed a redback
 12403 | D        | Noticed a wasp
 12403 | D        | Noticed a moth of wrath
 12403 | D        | Noticed a demonic crawler
 12403 | D        | Noticed a hornet
 12403 | D        | Noticed a torpor snail
 12403 | D        | Noticed a torpor snail
 12403 | D        | Noticed a demonic crawler
 12403 | D        | Noticed a trapdoor spider
 12403 | D        | Noticed a demonic crawler
 12404 | D        | Noticed a jumping spider
 12404 | D        | Noticed a trapdoor spider
 12404 | D        | Noticed a wolf spider
 12404 | D        | Noticed a tarantella
 12404 | D        | Noticed a moth of wrath
 12404 | D        | Killed a jumping spider
 12404 | D        | Killed a moth of wrath
 12404 | D        | Killed a redback
 12404 | D        | Killed a redback
 12404 | D        | Killed a hornet
 12404 | D        | Killed an entropy weaver
 12404 | D        | Reached skill level 3 in Evocations
 12404 | D        | Killed a trapdoor spider
 12404 | D        | Killed a redback
 12404 | D        | Killed a trapdoor spider
 12404 | D        | Killed a moth of wrath
 12404 | D        | Killed a redback
 12404 | D        | Killed a demonic crawler
 12404 | D        | Reached skill level 4 in Evocations
 12404 | D        | Killed a ghost moth
 12404 | D        | Killed a trapdoor spider
 12404 | D        | Killed a demonic crawler
 12404 | D        | Killed a demonic crawler
 12404 | D        | Killed a moth of wrath
 12404 | D        | Reached skill level 5 in Evocations
 12404 | D        | Killed a trapdoor spider
 12404 | D        | Reached skill level 24 in Armour
 12404 | D        | Killed a wasp
 12404 | D        | Killed a wasp
 12404 | D        | Killed a ghost moth
 12404 | D        | Reached skill level 7 in Spellcasting
 12404 | D        | Killed a tarantella
 12404 | D        | Reached XP level 17. HP: 139/184 MP: 8/32
 12404 | D        | Killed a redback
 12404 | D        | Killed a hornet
 12404 | D        | Reached skill level 6 in Evocations
 12404 | D        | Killed a jumping spider
 12404 | D        | Killed a wasp
 12404 | D        | Killed a jumping spider
 12404 | D        | Killed an emperor scorpion
 12404 | D        | Killed a demonic crawler
 12405 | D        | Noticed a tarantella
 12405 | D        | Noticed a hornet
 12405 | D        | Noticed a trapdoor spider
 12405 | D        | Noticed a jumping spider
 12405 | D        | Noticed a demonic crawler
 12405 | D        | Noticed an orb spider
 12406 | D        | Noticed a redback
 12406 | D        | Noticed a wolf spider
 12406 | D        | Noticed a hornet
 12407 | D        | Noticed a torpor snail
 12407 | D        | Killed a trapdoor spider
 12407 | D        | Killed a hornet
 12410 | D        | Killed a hornet
 12410 | D        | Reached skill level 7 in Evocations
 12410 | D        | Killed a redback
 12411 | D        | Killed a demonic crawler
 12413 | D        | Killed an emperor scorpion
 12414 | D        | Killed a demonic crawler
 12414 | D        | Killed a moth of wrath
 12414 | D        | Killed a wolf spider
 12414 | D        | Killed a trapdoor spider
 12416 | D        | Killed a torpor snail
 12418 | D        | Killed a tarantella
 12418 | D        | Killed a jumping spider
 12418 | D        | Reached skill level 8 in Evocations
 12420 | D        | Killed a wolf spider
 12424 | D        | Killed a demonic crawler
 12425 | D        | Killed a torpor snail
 12425 | D        | Reached skill level 8 in Spellcasting
 12427 | D        | Killed a torpor snail
 12433 | D        | Killed an orb spider
 12446 | D        | Got the amulet of Teimic {Faith rPois Stlth+}
 12451 | D        | Got the ring of Xaugakk {MR+ Dex+4}
 12484 | D        | Got the ring of Pumiwkil {rF+ Dex+4 SInv}
 12563 | D        | Entered arena 26.
 12573 | D        | Noticed a naga warrior
 12573 | D        | Noticed a water moccasin
 12573 | D        | Noticed a naga mage
 12574 | D        | Killed a naga mage
 12574 | D        | Killed a water moccasin
 12574 | D        | Killed a naga
 12575 | D        | Noticed a black mamba
 12575 | D        | Noticed an anaconda
 12575 | D        | Noticed a black mamba
 12575 | D        | Killed a naga
 12577 | D        | Noticed a greater naga
 12577 | D        | Noticed a naga warrior
 12578 | D        | Noticed a black mamba
 12578 | D        | Noticed an anaconda
 12578 | D        | Noticed a guardian serpent
 12578 | D        | Killed a naga warrior
 12578 | D        | Reached skill level 20 in Fighting
 12578 | D        | Reached skill level 23 in Shields
 12578 | D        | Killed an anaconda
 12578 | D        | Reached skill level 23 in Axes
 12578 | D        | Killed a black mamba
 12579 | D        | Noticed a greater naga
 12579 | D        | Noticed a black mamba
 12580 | D        | Noticed an anaconda
 12580 | D        | Noticed a water moccasin
 12580 | D        | Noticed a guardian serpent
 12580 | D        | Noticed a guardian serpent
 12580 | D        | Noticed a water moccasin
 12580 | D        | Killed an anaconda
 12580 | D        | Reached skill level 9 in Evocations
 12581 | D        | Noticed a naga mage
 12582 | D        | Noticed a black mamba
 12582 | D        | Noticed a greater naga
 12582 | D        | Noticed a naga warrior
 12582 | D        | Noticed a black mamba
 12582 | D        | Killed a black mamba
 12583 | D        | Noticed a black mamba
 12583 | D        | Noticed a naga mage
 12584 | D        | Killed a black mamba
 12585 | D        | Noticed a naga mage
 12585 | D        | Noticed a naga mage
 12585 | D        | Noticed a naga
 12585 | D        | Noticed a naga warrior
 12585 | D        | Noticed a naga mage
 12585 | D        | Noticed a naga
 12585 | D        | Noticed a naga mage
 12585 | D        | Noticed a naga
 12586 | D        | Noticed a guardian serpent
 12586 | D        | Killed a black mamba
 12586 | D        | Killed a naga mage
 12586 | D        | Killed a black mamba
 12586 | D        | Killed a greater naga
 12586 | D        | Reached skill level 23 in Dodging
 12586 | D        | Killed a guardian serpent
 12586 | D        | Killed a water moccasin
 12586 | D        | Killed a naga
 12586 | D        | Killed a black mamba
 12586 | D        | Killed a greater naga
 12586 | D        | Reached skill level 10 in Evocations
 12586 | D        | Killed a naga
 12586 | D        | Killed a water moccasin
 12586 | D        | Killed a guardian serpent
 12586 | D        | Killed a naga mage
 12586 | D        | Reached skill level 9 in Spellcasting
 12586 | D        | Killed a guardian serpent
 12586 | D        | Killed a naga mage
 12586 | D        | Killed a guardian serpent
 12586 | D        | Killed a greater naga
 12586 | D        | Killed a black mamba
 12586 | D        | Killed a naga
 12586 | D        | Killed a naga warrior
 12586 | D        | Killed a naga mage
 12586 | D        | Killed a naga mage
 12586 | D        | Killed an anaconda
 12586 | D        | Reached skill level 11 in Evocations
 12587 | D        | Noticed a naga
 12587 | D        | Killed a naga mage
 12588 | D        | Noticed a naga mage
 12589 | D        | Noticed a greater naga
 12589 | D        | Noticed a naga
 12591 | D        | Noticed a greater naga
 12592 | D        | Noticed a naga mage
 12592 | D        | Killed a naga warrior
 12593 | D        | Noticed a greater naga
 12594 | D        | Killed a naga mage
 12594 | D        | Killed a naga warrior
 12595 | D        | Killed a naga
 12595 | D        | Killed a naga mage
 12596 | D        | Killed a naga
 12598 | D        | Noticed a greater naga
 12601 | D        | Killed a greater naga
 12604 | D        | Killed a greater naga
 12604 | D        | Reached skill level 25 in Armour
 12607 | D        | Killed a naga mage
 12607 | D        | Reached skill level 12 in Evocations
 12613 | D        | Killed a greater naga
 12613 | D        | Reached skill level 10 in Spellcasting
 12615 | D        | Killed a greater naga
 12637 | D        | Got the +1 ice dragon armour of Losia {rPois rF- rC++, rC++, rF-}
 12647 | D        | Got the +6 large shield "Adompy" {rF+ Slay+4}
 12650 | D        | Got the ring "Nyetumoo" {MR+ Str+2 Int+3 SInv Stlth+}
 12655 | D        | Got the +1 helmet "Saif" {Int+6 Stlth+}
 12745 | D        | Entered arena 27.
 12758 | D        | Noticed a dire elephant
 12759 | D        | Noticed a komodo dragon
 12759 | D        | Noticed a crocodile
 12759 | D        | Killed a crocodile
 12759 | D        | Killed a komodo dragon
 12759 | D        | Killed a yak
 12759 | D        | Killed a water moccasin
 12759 | D        | Killed a black mamba
 12760 | D        | Noticed a catoblepas
 12760 | D        | Noticed a hippogriff
 12760 | D        | Killed a hippogriff
 12760 | D        | Killed a fire crab
 12760 | D        | Killed a black mamba
 12760 | D        | Killed a wolf
 12761 | D        | Noticed a black mamba
 12761 | D        | Noticed a yak
 12762 | D        | Noticed a crocodile
 12762 | D        | Killed a crocodile
 12762 | D        | Killed a blink frog
 12762 | D        | Killed a lindwurm
 12763 | D        | Noticed a water moccasin
 12763 | D        | Noticed a spiny frog
 12763 | D        | Noticed a black mamba
 12763 | D        | Killed a black mamba
 12763 | D        | Killed a water moccasin
 12764 | D        | Noticed a komodo dragon
 12764 | D        | Noticed a yak
 12764 | D        | Noticed a catoblepas
 12764 | D        | Noticed a catoblepas
 12764 | D        | Noticed a water moccasin
 12764 | D        | Noticed a water moccasin
 12764 | D        | Noticed a seven-headed hydra
 12764 | D        | Noticed a four-headed hydra
 12764 | D        | Noticed a water moccasin
 12764 | D        | Noticed a water moccasin
 12764 | D        | Noticed a catoblepas
 12764 | D        | Noticed a boulder beetle
 12764 | D        | Noticed a catoblepas
 12765 | D        | Noticed a black mamba
 12765 | D        | Noticed a death yak
 12765 | D        | Noticed a crocodile
 12765 | D        | Noticed a crocodile
 12765 | D        | Noticed a death yak
 12765 | D        | Noticed a yak
 12765 | D        | Noticed a spiny frog
 12765 | D        | Killed a catoblepas
 12766 | D        | Noticed a four-headed hydra
 12766 | D        | Noticed a crocodile
 12766 | D        | Noticed a wyvern
 12766 | D        | Noticed a griffon
 12766 | D        | Noticed a death yak
 12766 | D        | Noticed a catoblepas
 12766 | D        | Noticed a catoblepas
 12766 | D        | Noticed a yak
 12766 | D        | Noticed a crocodile
 12766 | D        | Noticed a torpor snail
 12766 | D        | Noticed a crocodile
 12767 | D        | Noticed a komodo dragon
 12767 | D        | Noticed a water moccasin
 12767 | D        | Noticed a death yak
 12767 | D        | Killed a black mamba
 12768 | D        | Killed a yak
 12768 | D        | Killed a water moccasin
 12768 | D        | Killed a water moccasin
 12768 | D        | Killed a spiny frog
 12768 | D        | Killed a dire elephant
 12768 | D        | Reached skill level 13 in Evocations
 12768 | D        | Killed a crocodile
 12768 | D        | Killed a komodo dragon
 12768 | D        | Killed a crocodile
 12768 | D        | Killed a catoblepas
 12768 | D        | Reached skill level 24 in Shields
 12768 | D        | Killed a water moccasin
 12768 | D        | Killed a yak
 12768 | D        | Killed a four-headed hydra
 12768 | D        | Killed a catoblepas
 12768 | D        | Reached skill level 24 in Axes
 12768 | D        | Killed a yak
 12768 | D        | Killed a seven-headed hydra
 12768 | D        | Killed a death yak
 12768 | D        | Killed a catoblepas
 12768 | D        | Reached skill level 21 in Fighting
 12768 | D        | Killed a four-headed hydra
 12768 | D        | Reached skill level 24 in Dodging
 12768 | D        | Killed a catoblepas
 12768 | D        | Killed a griffon
 12768 | D        | Reached skill level 11 in Spellcasting
 12768 | D        | Killed a death yak
 12768 | D        | Killed a black mamba
 12768 | D        | Reached skill level 14 in Evocations
 12768 | D        | Killed a spiny frog
 12768 | D        | Killed a torpor snail
 12768 | D        | Killed a catoblepas
 12768 | D        | Killed a boulder beetle
 12769 | D        | Noticed a basilisk
 12769 | D        | Noticed a water moccasin
 12769 | D        | Noticed a water moccasin
 12770 | D        | Killed a water moccasin
 12771 | D        | Noticed a spiny frog
 12774 | D        | Killed a wyvern
 12775 | D        | Killed a water moccasin
 12779 | D        | Killed a water moccasin
 12782 | D        | Killed a spiny frog
 12786 | D        | Killed a death yak
 12786 | D        | Killed a basilisk
 12787 | D        | Killed a catoblepas
 12788 | D        | Killed a komodo dragon
 12790 | D        | Killed a crocodile
 12792 | D        | Killed a yak
 12795 | D        | Killed a crocodile
 12797 | D        | Killed a water moccasin
 12801 | D        | Killed a crocodile
 12803 | D        | Killed a death yak
 12815 | D        | Got the Orb of Zot
 12820 | D        | Escaped with the Orb!

Vault maps used:
D:        sprint_v

Action                   |  1- 3 |  4- 6 |  7- 9 | 10-12 | 13-15 | 16-18 || total
-------------------------+-------+-------+-------+-------+-------+-------++-------
Melee: Broad axe         |     2 |     9 |    19 |    43 |   102 |   102 ||   277
Invok: Upheaval          |       |       |     2 |    12 |    18 |    21 ||    53
       Disaster Area     |       |       |       |     1 |     4 |     5 ||    10
       Elemental Force   |       |       |       |       |     6 |     4 ||    10
 Abil: Device Recharging |       |       |       |     1 |       |     2 ||     3
       Evoke Flight      |       |       |       |       |       |     2 ||     2
Evoke: Wand              |     1 |       |     2 |     6 |     4 |     2 ||    15
  Use: Potion            |     1 |       |       |       |     7 |    10 ||    18
       Scroll            |       |       |       |     1 |     1 |     1 ||     3
 Stab: Distracted        |       |       |       |       |     3 |       ||     3
       Invisible         |       |       |       |       |       |    11 ||    11
       Petrified         |       |       |       |       |       |     2 ||     2
  Eat: Fruit             |       |       |     1 |       |    20 |    12 ||    33
       Bread ration      |       |       |       |     4 |       |       ||     4
       Chunk             |       |       |       |       |     1 |       ||     1

Vault maps used:
D:        sprint_v

Table legend:
 A = Turns spent in this place as a percentage of turns spent in the entire game.
 B = Non-inter-level travel turns spent in this place as a percentage of non-inter-level travel turns spent in the entire game.
 C = Inter-level travel turns spent in this place as a percentage of turns spent in this place.
 D = Turns resting spent in this place as a percentage of non-inter-level travel turns spent in this place.
 E = Turns spent auto-exploring this place as a percentage of non-inter-level travel turns spent in this place.
 F = Non-inter-level travel turns spent in this place divided by the number of levels of this place that you've seen.
                   A       B       C       D       E      F
               +-------+-------+-------+-------+-------+----------------------
         Total | 100.0 | 100.0 |   0.0 |   0.9 |   0.0 | 1828.0
       Dungeon | 100.0 | 100.0 |   0.0 |   0.9 |   0.0 | 1828.0
               +-------+-------+-------+-------+-------+----------------------

Table legend:
 A = Kills in this place as a percentage of kills in entire the game.
 B = Kills by you in this place as a percentage of kills by you in the entire game.
 C = Kills by friends in this place as a percentage of kills by friends in the entire game.
 D = Other kills in this place as a percentage of other kills in the entire game.
 E = Experience gained in this place as a percentage of experience gained in the entire game.
 F = Experience gained in this place divided by the number of levels of this place that you have seen.
                   A       B       C       D       E      F
               +-------+-------+-------+-------+-------+----------------------
         Total | 100.0 | 100.0 | 100.0 | 100.0 | 100.0 | 284183.0
       Dungeon | 100.0 | 100.0 | 100.0 | 100.0 | 100.0 | 284183.0
               +-------+-------+-------+-------+-------+----------------------
